 Dungeon Crawl Stone Soup version 0.25.0-46-gbd7b0854d2 (webtiles) character file.

Game seed: 18394729327055559400

283 protoss039 the Magician (level 6, -2/32 HPs)
             Began as a Deep Elf Earth Elementalist on July 14, 2020.
             Slain by a howler monkey (5 damage)
             ... on level 4 of the Dungeon.
             The game lasted 00:06:34 (4470 turns).

protoss039 the Magician (DEEE)                      Turns: 4470, Time: 00:06:34

Health: -2/32      AC:  4    Str:  5    XL:     6   Next: 7%
Magic:  12/17      EV: 13    Int: 22    God:
Gold:   271        SH:  0    Dex: 15    Spells: 7/17 levels left

rFire    . . .     SeeInvis .   e - +2 dagger (freeze)
rCold    . . .     Gourm    .   (no shield)
rNeg     . . .     Faith    .   c - +0 robe
rPois    .         Spirit   .   (no helmet)
rElec    .         Reflect  .   (no cloak)
rCorr    .         Harm     .   (no gloves)
MR       .....                  n - +1 pair of boots
Stlth    ++........             (no amulet)
HPRegen  0.10/turn              (no ring)
MPRegen  0.15/turn              (no ring)

@: no status effects
A: no striking features
a: no special abilities


You were on level 4 of the Dungeon.
You were hungry.

You visited 1 branch of the dungeon, and saw 4 of its levels.

You collected 271 gold pieces.

Inventory:

Hand Weapons
 e - a +2 dagger of freezing (weapon)
Missiles
 b - 59 stones (quivered)
Armour
 c - a +0 robe (worn)
 n - a +1 pair of boots (worn)
Scrolls
 a - 2 scrolls of magic mapping {unknown}
 g - 2 scrolls of identify {unknown}
 j - a scroll of enchant armour {unknown}
 k - a scroll of remove curse {unknown}
 p - a scroll of fear {unknown}
 q - a scroll of immolation {unknown}
 s - a scroll of blinking {unknown}
 t - a scroll of amnesia {unknown}
Potions
 f - a potion of flight {unknown}
 h - 2 potions of degeneration {unknown}
 i - a potion of brilliance {unknown}
 l - a potion of stabbing {unknown}
 m - a potion of resistance {unknown}
 r - 3 potions of curing
 u - a potion of berserk rage {unknown}
Comestibles
 d - 5 rations


   Skills:
 - Level 3.0 Dodging
 - Level 3.0 Stealth
 + Level 6.0 Spellcasting
 + Level 0.1 Conjurations
 - Level 1.1 Transmutations
 + Level 5.6 Earth Magic


You had 7 spell levels left.
You knew the following spells:

 Your Spells              Type           Power        Failure   Level  Hunger
a - Sandblast             Erth           ####..       1%          1    None
b - Passwall              Tmut/Erth      ###.....     3%          2    None
c - Stone Arrow           Conj/Erth      ###...       9%          3    #......
d - Petrify               Tmut/Erth      ###.....     22%         4    ###....

Your spell library contained the following spells:

 Spells                   Type           Power        Failure   Level  Hunger
 Lee's Rapid Deconstruct  Erth           ####......   24%         5    #####..


Dungeon Overview and Level Annotations

Branches:
Dungeon (4/15)
 Temple: D:4-7

Altars:

Shops:
D:4 ?

Annotations:
D:4 3 runed translucent doors, IHuginn's ghost, amateur FoFi


Message History

Press: ? - help, Shift-Dir - straight line, f - howler monkey
Aim: a howler monkey The blast of sand hits the howler monkey!
The howler monkey is severely wounded.
b - 60 stones The orc priest calls down the wrath of Beogh upon you.
Beogh smites you!
* * * LOW HITPOINT WARNING * * *
The howler monkey hoots and howls with incredible vigour!
You hear a shout! x3
Unknown command.
Casting: Sandblast (safe; 1% risk of failure)
Confirm with . or Enter, or press ? or * to list all spells.
Aiming: Sandblast (safe; 1% risk of failure)
Press: ? - help, Shift-Dir - straight line, f/p - howler monkey
Aim: a howler monkey (severely wounded, catching its breath)
The blast of sand misses the howler monkey.
b - 59 stones The howler monkey hits you.
You die...

#.........# #.# ...
########..#
######.###.... #..#
#.............
#..###.#.#...##....
#..........$.##....
#..###.#.#...# .#
#..# #........#
#.h###.#.#....8.8.
#.@...o......).⌠.⌠
#.###..#.#.#..8.∩.
#.# #.........$⌠.⌠
# # #.#
##.#.#.#..8.8. #.#
#.# ......... ..#
..# )## #.# W.# #.#
[# #.#


You could see a howler monkey (catching breath) and an orc priest.

Vanquished Creatures
  A scorpion (D:4)
  A hound (D:4)
  An orc wizard (D:4)
  A bullfrog skeleton (D:4)
  A hound skeleton (D:4)
  3 adders
  4 worms
  4 dart slugs
  3 leopard geckos
  12 orcs
  3 giant cockroaches
  10 goblins
  9 hobgoblins
  2 jackals (D:1)
  A quokka (D:2)
  5 bats
  4 frilled lizards
  6 kobolds
  7 rats
78 creatures vanquished.

Notes
Turn   | Place    | Note
-------+----------+-------------------------------------------
     0 | D:1      | protoss039 the Deep Elf Earth Elementalist began the quest
                  | for the Orb.
     0 | D:1      | Reached XP level 1. HP: 10/10 MP: 6/6
   209 | D:1      | Reached XP level 2. HP: 10/15 MP: 8/8
   649 | D:1      | Reached XP level 3. HP: 8/19 MP: 4/9
  1423 | D:1      | Learned a level 2 spell: Passwall
  1427 | D:1      | Learned a level 3 spell: Stone Arrow
  1978 | D:2      | Reached skill level 4 in Spellcasting
  2240 | D:2      | Reached XP level 4. HP: 24/24 MP: 12/12
  2451 | D:2      | Learned a level 4 spell: Petrify
  4000 | D:4      | Reached skill level 5 in Spellcasting
  4000 | D:4      | Reached skill level 5 in Earth Magic
  4000 | D:4      | Reached XP level 5. HP: 22/28 MP: 8/14
  4134 | D:4      | Found Kaciku's Magic Scroll Boutique.
  4380 | D:4      | Found a runed translucent gate.
  4380 | D:4      | Found a runed translucent gate.
  4382 | D:4      | Found a runed translucent gate.
  4385 | D:4      | Noticed IHuginn's ghost (amateur FoFi)
  4468 | D:4      | Reached skill level 6 in Spellcasting
  4468 | D:4      | Reached XP level 6. HP: 13/32 MP: 14/17
  4470 | D:4      | Slain by a howler monkey

Illustrated notes

Levels and vault maps discovered:
D:1:      dpeg_arrival_tiny_j, layout_loops_ring, st_stairs_11,
          lemuel_flame_loot_1
D:2:      layout_basic
D:3:      layout_basic, first_ration
D:4:      layout_loops_ring, gammafunk_ghost_necromancy, serial_shops,
          nicolae_shop_temple_entry_statues_fountains

Skill      XL: |  1  2  3  4  5 |
---------------+----------------+-----
Dodging        | 3 |  3.0
Earth Magic    | 4 5 |  5.6
Stealth        | 3 |  3.0
Spellcasting   | 4 5 6 |  6.0
Conjurations   | |  0.1
Transmutations | |  1.1

Action                   |  1- 3 |  4- 6 || total
-------------------------+-------+-------++-------
Melee: Dagger            |    86 |    32 ||   118
 Cast: Sandblast         |    25 |    45 ||    70
       Stone Arrow       |       |     2 ||     2
  Use: Potion            |       |     1 ||     1
 Stab: Sleeping          |     7 |       ||     7
  Eat: Ration            |     1 |       ||     1
       Chunk             |       |     7 ||     7
Armor: Robe              |    20 |    10 ||    30
Dodge: Dodged            |    71 |    30 ||   101
